 Dungeon Crawl Stone Soup version 0.30-a0-883-g5ad918d77d (webtiles) character file.

Game seed: 7411927390056350200

60 holysushi the Cutter (level 4, -7/31 HPs)
             Began as an Octopode Monk on Mar 17, 2023.
             Mangled by Natasha (8 damage)
             ... on level 2 of the Dungeon.
             The game lasted 00:00:52 (896 turns).

holysushi the Cutter (Octopode Monk)                 Turns: 896, Time: 00:00:53

Health: -7/31      AC:  1    Str:  8 (10) XL:     4   Next: 6%
Magic:  4/4        EV: 14    Int:  9 (12) God:
Gold:   101        SH:  0    Dex: 14 (16) Spells: 3/3 levels left

rFire   . . .      SeeInvis .    a - +0 short sword
rCold   . . .      Faith    .    (no shield)
rNeg    . . .      Spirit   .    (helmet restricted)
rPois   .          Reflect  .    (no amulet)
rElec   .          Rampage  .    (no ring)
rCorr   .                        (no ring)
Will    .....                    (no ring)
Stlth   +++                      (no ring)
HPRegen 0.25/turn                (no ring)
MPRegen 0.09/turn                (no ring)
                                 (no ring)
                                 (no ring)

@: no status effects
A: almost no armour, amphibious, 8 rings, camouflage 1, gelatinous body 1,
(nimble swimmer 1), tentacles
a: no special abilities


You were on level 2 of the Dungeon.
You visited 1 branch of the dungeon, and saw 2 of its levels.

You collected 101 gold pieces.

Inventory:

Hand Weapons
 a - a +0 short sword (weapon)
Wands
 b - a wand of digging (9)
Scrolls
 c - 2 scrolls of identify {unknown}
 h - a scroll of blinking {unknown}
Potions
 d - a potion of degeneration
 e - a potion of mutation {unknown}
 f - a potion of invisibility {unknown}
 g - a potion of lignification {unknown}


   Skills:
 - Level 3.1 Fighting
 + Level 4.4 Short Blades
 - Level 3.1 Dodging
 - Level 3.0 Stealth


You had 3 spell levels left.
You didn't know any spells.
Your spell library was empty.

Dungeon Overview and Level Annotations

Branches:
Dungeon (2/15) Zot: 11115

Altars:
Xom

Annotations:
D:2 Natasha


Innate Abilities, Weirdness & Mutations

You cannot wear most types of armour.
You are amphibious.
You can wear up to eight rings at the same time.
Your skin changes colour to match your surroundings (Stealth+).
Your rubbery body absorbs attacks. (AC +1, EV +1)
((You are camouflaged when in or above water. (Stealth+)))
You have tentacles for arms and can constrict up to eight enemies at once.


Message History

A rat is nearby!
A rat is nearby!
Natasha, Servant of Life and Death comes into view.
The rat bites you.
You hit the rat but do no damage. Your grab misses the rat.
Natasha hisses angrily.
The rat bites you but does no damage.
Natasha mumbles some strange words.
You barely miss the rat. You grab the rat. You constrict the rat.
The rat twitches its whiskers.
The rat barely misses you.
Natasha howls an incantation.
Natasha glows brightly for a moment.
Natasha mumbles some strange words.
You hit the rat.
You kill the rat!
The white imp shouts, "Take thy face hence, thou clouted clapper-clawed hedge-pig!"
Natasha claws you.
The crimson imp blinks!
You closely miss the crimson imp. You grab the crimson imp.
You squeeze the crimson imp!
The crimson imp is almost dead.
You constrict the crimson imp, but do no damage.
Natasha claws you!
The crimson imp shouts, "Get thee hence, thou vain ditch-delivered blabberskite!"
The crimson imp hits you.
You closely miss Natasha. Your grab misses Natasha.
You constrict the crimson imp.
Natasha stares at you and mumbles some strange words.
The magic dart hits you!
* * * LOW HITPOINT WARNING * * *
The crimson imp misses you.
You barely miss Natasha. Your grab misses Natasha.
You constrict the crimson imp. Natasha claws you.
* * * LOW HITPOINT WARNING * * *
The crimson imp barely misses you.
It was a potion of degeneration.
There was something very wrong with that liquid.
You feel weakened.
You feel dopey.
You feel clumsy.
You constrict the crimson imp. Natasha claws you!
You die...

.# #.########
.########........#
..........######.#
########..# #.#
########..#
#.####..
.......#..# #.....
######.#..######(.#
...)............5.#
########.##.####@##
#.##.# #h# #.##.#
#5. #. ..# #... ##
### #####


You could see Natasha, a crimson imp (summoned) and a white imp (summoned).

Vanquished Creatures
  Terence (D:2)
  A dart slug (D:2)
  2 ball pythons (D:1)
  5 bats
  3 endoplasms
  2 goblins (D:1)
  6 hobgoblins
  A quokka (D:1)
  2 frilled lizards
  5 kobolds
  5 rats
33 creatures vanquished.

Vanquished Creatures (others)
  15 plants (D:2)
15 creatures vanquished.

Grand Total: 48 creatures vanquished

Notes
Turn   | Place    | Note
-------+----------+-------------------------------------------
     0 | D:1      | holysushi the Octopode Monk began the quest for the Orb.
     0 | D:1      | Reached XP level 1. HP: 16/16 MP: 1/1
   105 | D:1      | Reached XP level 2. HP: 21/21 MP: 2/2
   508 | D:1      | Reached XP level 3. HP: 25/26 MP: 3/3
   624 | D:2      | Noticed Terence
   638 | D:2      | Killed Terence
   639 | D:2      | Reached skill level 4 in Short Blades
   650 | D:2      | Found a shimmering altar of Xom.
   724 | D:2      | Reached XP level 4. HP: 28/31 MP: 4/4
   887 | D:2      | Noticed Natasha
   895 | D:2      | HP: 1/31 [Natasha (5)]
   896 | D:2      | Mangled by Natasha

Illustrated notes

Levels and vault maps discovered:
D:1:      shiori_arrival_oz, layout_loops_cross
D:2:      layout_loops_ring, basic_altar, grunt_ministairs_12,
          hangedman_abyss_or_decor_stabs, nicolae_grassy_gnolls, uniq_robin,
          uniq_terence, uniq_natasha

Skill      XL: |  1  2  3 |
---------------+----------+-----
Stealth        | 3 |  3.0
Short Blades   | 4 |  4.4
Fighting       | |  3.1
Dodging        | |  3.1

Action                     |  1- 3 |  4- 6 || total
---------------------------+-------+-------++-------
  Melee: Short sword       |    53 |     9 ||    62
         Constrict         |    10 |     3 ||    13
         Tentacles         |    14 |     2 ||    16
         Punch             |     1 |       ||     1
    Use: Potion            |     1 |     1 ||     2
   Stab: Sleeping          |    12 |     2 ||    14
 Armour: Skin              |     4 |     1 ||     5
  Dodge: Dodged            |    31 |     3 ||    34

Table legend: (Time is in decaauts)
 A = Elapsed time spent in this place.
 B = Non-inter-level travel time spent in this place.
 C = Inter-level travel time spent in this place.
 D = Time resting spent in this place.
 E = Time spent auto-exploring this place.
 F = Levels seen in this place.
 G = Mean time per level.
                   A        B        C        D        E       F      G
               +--------+--------+--------+--------+--------+-----+--------+
         Total |    883 |    851 |     32 |      0 |    639 |   2 |  441.5 |
       Dungeon |    883 |    851 |     32 |      0 |    639 |   2 |  441.5 |
               +--------+--------+--------+--------+--------+-----+--------+

Top non-repeatable levels by time:
     D:1: 605 daAuts
     D:2: 278 daAuts
